 Dungeon Crawl Stone Soup version 0.31.0-32-g396128a36d (webtiles) character file.

Game seed: 12505894561359928888

45 ChadusMaximus the Caller (level 3, -1/24 HPs)
             Began as a Barachi Summoner on Mar 12, 2024.
             Slain by a quokka (4 damage)
             ... on level 2 of the Dungeon.
             The game lasted 00:01:18 (1471 turns).

ChadusMaximus the Caller (Barachi Summoner)         Turns: 1471, Time: 00:01:19

Health: -1/24      AC:  2    Str:  9    XL:     3   Next: 64%
Magic:  5/7        EV: 12    Int: 17    God:
Gold:   57         SH:  0    Dex: 12    Spells: 1/7 levels left

rFire   . . .        d - +0 spear
rCold   . . .        (no shield)
rNeg    . . .        a - +0 robe
rPois   .            (no helmet)
rElec   .            (no cloak)
rCorr   .            (no gloves)
SInv    .            (no boots)
Will    .....        (no amulet)
Stlth   ++           (no ring)
HPRegen 0.24/turn    (no ring)
MPRegen 0.10/turn

%: no passive effects
@: slow
A: amphibious, slowness 1, strong legs 1, +LOS
a: Hop


You were on level 2 of the Dungeon.
You visited 1 branch of the dungeon, and saw 2 of its levels.

You collected 57 gold pieces.

Inventory:

Hand Weapons
 d - a +0 spear (weapon)
Armour
 a - a +0 robe (worn)
Scrolls
 e - a scroll of vulnerability {unknown}
 f - a scroll of identify {unknown}
Potions
 b - a potion of magic
 c - a potion of invisibility {unknown}


   Skills:
 - Level 2.1 Dodging
 - Level 1.7 Stealth
 + Level 2.9 Spellcasting
 * Level 5.9 Summonings


You had one spell level left.
You knew the following spells:

 Your Spells              Type           Power      Damage    Failure   Level
a - Summon Small Mammal   Summ           88%        N/A       1%          1
b - Call Canine Familiar  Summ           22%        N/A       4%          3
c - Call Imp              Summ           44%        N/A       2%          2

Your spell library contained the following spells:

 Spells                   Type           Power      Damage    Failure   Level
 Summon Blazeheart Golem  Fire/Summ      12%        N/A       45%         4
 Summon Lightning Spire   Summ/Air       12%        N/A       45%         4


Dungeon Overview and Level Annotations

Branches:
Dungeon (2/15)

Altars:


Innate Abilities, Weirdness & Mutations

You are amphibious.
You cover ground slowly.
You can hop short distances.
You have an extended range of vision and can be seen from far away.


Message History

A quokka is nearby!
You closely miss the quokka. The quokka barely misses you.
A quokka is nearby!
You barely miss the quokka.
The quokka bites you but does no damage.
A quokka is nearby!
You closely miss the quokka. The quokka bites you. x2
A quokka is nearby!
You hit the quokka.
The quokka is moderately wounded.
The quokka closely misses you.
A quokka is nearby!
You barely miss the quokka.
The quokka is moderately wounded.
The quokka misses you.
A quokka is nearby!
You closely miss the quokka.
The quokka is moderately wounded.
The quokka barely misses you. The quokka bites you.
A quokka is nearby!
You hit the quokka but do no damage. Your punch misses the quokka.
The quokka is moderately wounded.
The quokka bites you but does no damage.
A quokka is nearby!
You hit the quokka.
The quokka is heavily wounded.
The quokka bites you.
A quokka is nearby!
Casting: Call Canine Familiar (quite dangerous; 4% risk of failure)
Confirm with . or Enter, or press ? or * to list all spells.
A tiny devil pulls itself out of the air.
The quokka bites you.
* * * LOW HITPOINT WARNING * * *
The quokka bites you.
* * * LOW HITPOINT WARNING * * *
Your cerulean imp completely misses the quokka.
You hit the quokka.
The quokka is almost dead.
The quokka bites you.
You die...

. ### .. ... # . ..# ##
#. #.# ####. .
#.############....
#.#.#...##.......##.
...###.#.#.#....########.
.......5r#...#### #.
...####.@..[....# #.
####.###..##.#### #.
#.......#.......#####.
##########...##......#
###.##.....<#
#...........#
#...##(.....#
#...........#
###.#########


You could see a quokka (ally target) and a friendly cerulean imp (summoned).

Vanquished Creatures
  4 ball pythons (D:1)
  An endoplasm (D:2)
  2 hobgoblins (D:1)
  A jackal (D:1)
  A quokka (D:1)
  A bat (D:1)
  3 frilled lizards (D:1)
  2 kobolds
  2 rats (D:1)
17 creatures vanquished.

Vanquished Creatures (collateral kills)
  A gnoll (D:1)
  An adder (D:2)
  A dart slug (D:1)
  A bat (D:1)
  2 jackals (D:1)
  A quokka (D:1)
  A frilled lizard (D:1)
  A rat (D:2)
9 creatures vanquished.

Grand Total: 26 creatures vanquished

Notes
Turn   | Place    | Note
-------+----------+-------------------------------------------
     0 | D:1      | ChadusMaximus the Barachi Summoner began the quest for the
                  | Orb.
     0 | D:1      | Reached XP level 1. HP: 13/13 MP: 3/3
    67 | D:1      | Reached skill level 5 in Summonings
   178 | D:1      | Reached XP level 2. HP: 19/19 MP: 1/5
   657 | D:1      | Reached XP level 3. HP: 24/24 MP: 7/7
  1055 | D:1      | Learned a level 3 spell: Call Canine Familiar
  1058 | D:1      | Learned a level 2 spell: Call Imp
  1471 | D:2      | Slain by a quokka

Illustrated notes

Levels and vault maps discovered:
D:1:      dpeg_arrival_boxes_within_box, layout_basic,
          kennysheep_decorative_pillar
D:2:      layout_loops_cross, uniq_crazy_yiuf_cottage

Skill      XL: |  1 |
---------------+----+-----
Summonings     | 5 |  5.9
Dodging        | |  2.1
Stealth        | |  1.7
Spellcasting   | |  2.9

Action                     || total
---------------------------++-------
  Melee: Unarmed           ||     8
         Spear             ||   105
         Punch             ||     1
   Cast: Summon Small Mamm ||    16
         Call Imp          ||     2
         Call Canine Famil ||     2
   Stab: Sleeping          ||     1
 Armour: Robe              ||    76
  Dodge: Dodged            ||    77
